 Dungeon Crawl Stone Soup version 0.23-a0-644-gb60d84b (webtiles) character file.

99 Borgoz the Skirmisher (level 4, 0/40 HPs)
             Began as a Ghoul Abyssal Knight on Jan 1, 2019.
             Was a Follower of Lugonu.
             Slain by a gnoll
             ... wielding a +0 whip
              (9 damage)
             ... on level 2 of the Dungeon.
             The game lasted 00:02:07 (1424 turns).

Borgoz the Skirmisher (Ghoul Abyssal Knight)        Turns: 1424, Time: 00:02:09

Health: 0/40       AC:  5    Str: 20    XL:     4   Next: 72%
Magic:  4/4        EV: 11    Int:  7    God:    Lugonu [*.....]
Gold:   61         SH:  0    Dex:  9    Spells: 3/3 levels left

rFire    . . .     SeeInvis .   a - +1 hand axe
rCold    + . .     Gourm    .   (no shield)
rNeg     + + +     Faith    .   p - +0 ring mail
rPois    ∞         Spirit   .   (no helmet)
rElec    .         Reflect  .   (no cloak)
rCorr    .         Harm     .   (no gloves)
MR       .....                  (no boots)
Stlth    ..........             (no amulet)
HPRegen  0.00/turn              i - ring of poison resistance
MPRegen  0.09/turn              o - +5 ring of strength

@: confused, rotting
A: rotting body, claws 1, carnivore, cold resistance 1, negative energy
resistance 3, inhibited regeneration, torment resistance, unbreathing
a: Depart the Abyss, Renounce Religion


You were on level 2 of the Dungeon.
You worshipped Lugonu.
Lugonu was aware of your devotion.
You were not hungry.

You visited 1 branch of the dungeon, and saw 2 of its levels.
You visited the Abyss 1 time.

You collected 61 gold pieces.

Inventory:

Hand Weapons
 a - a +1 hand axe (weapon)
Armour
 b - a +0 leather armour
 p - a +0 ring mail (worn)
Jewellery
 i - a ring of poison resistance (left claw)
 o - a +5 ring of strength (right claw)
Scrolls
 d - a scroll of noise {unknown}
 e - a scroll of magic mapping {unknown}
 g - a scroll of remove curse {unknown}
 h - a scroll of enchant armour {unknown}
 j - 2 scrolls of teleportation {unknown}
 q - a scroll of random uselessness {unknown}
 r - a scroll of fear {unknown}
Potions
 f - a potion of heal wounds {unknown}
 k - a potion of ambrosia
 l - a potion of haste {unknown}
 m - a potion of flight {unknown}
Comestibles
 c - 5 rations
 n - a chunk of flesh


   Skills:
 + Level 4.1 Fighting
 + Level 3.0 Axes
 + Level 2.5 Armour
 + Level 1.3 Dodging
 + Level 2.1 Invocations


You had 3 spell levels left.
You didn't know any spells.
Your spell library was empty.

Dungeon Overview and Level Annotations

Branches:
Dungeon (2/15)

Altars:

Annotations:
D:2 Sigmund


Innate Abilities, Weirdness & Mutations

Your body is rotting away.
You thrive on raw meat.
You are immune to poison.
You have sharp fingernails.
You are carnivorous and can eat meat at any time.
Your flesh is cold resistant. (rC+)
You are immune to negative energy. (rN+++)
You do not regenerate when monsters are visible.
You are immune to unholy pain and torment.
You can survive without breathing.


Message History

The gnoll is moderately wounded.
You closely miss the gnoll. Something hits you! The gnoll misses you.
The gnoll closely misses you.
You bump into the rock wall.
The gnoll hits you with a +0 whip. The gnoll hits you but does no damage.
Something barely misses you.
You closely miss the gnoll.
The gnoll is lightly wounded.
You hit the gnoll. The gnoll hits you with a +0 whip.
The gnoll barely misses you. Something barely misses you.
Some of the chunks of flesh in your inventory have rotted away.
You're too confused to move!
The gnoll closely misses you. The gnoll hits you but does no damage.
You miss the gnoll.
The gnoll is lightly wounded.
You barely miss the gnoll. The gnoll hits you with a +0 whip!
An adder comes into view.
The gnoll hits you with a +0 spear! Something hits you!
* * * LOW HITPOINT WARNING * * *
The gnoll hits you with a +0 whip!
You die...

# ### ## ..
...[. g# #.#.
.# .{S .#
#g###.#
#g@.#.###.#
###.###.#.....#
............#
##.####.###.# #
#......# .#
######.# ### .#
#.# ..#..# #.#
####.#.# #.#
##......#


You could see 2 gnolls and an adder.

Vanquished Creatures
  A scorpion (D:2)
  An adder (D:2)
  A dart slug (D:1)
  6 bats
  4 giant cockroaches
  3 hobgoblins (D:1)
  6 kobolds
  A quokka (D:2)
  2 frilled lizards (D:1)
  14 rats
39 creatures vanquished.

Notes
Turn   | Place    | Note
-------+----------+-------------------------------------------
     0 | Abyss:1  | Borgoz the Ghoul Abyssal Knight began the quest for the
                  | Orb.
     0 | Abyss:1  | Reached XP level 1. HP: 19/19 MP: 1/1
    60 | Abyss:1  | Noticed a golden dragon zombie
    60 | D:1      | Escaped the Abyss
   230 | D:1      | Reached * piety under Lugonu
   230 | D:1      | Reached XP level 2. HP: 24/24 MP: 2/2
   678 | D:1      | Reached XP level 3. HP: 28/31 MP: 3/3
   932 | D:1      | Reached skill level 1 in Dodging
  1191 | D:2      | Noticed a scorpion
  1203 | D:2      | Killed a scorpion
  1203 | D:2      | Reached skill level 4 in Fighting
  1203 | D:2      | Reached XP level 4. HP: 12/40 MP: 4/4
  1414 | D:2      | Noticed Sigmund
  1424 | D:2      | Slain by a gnoll

Vault maps used:
D:1:      dpeg_arrival_ratfight
D:2:      first_ration, minmay_misc_feat_roman, uniq_sigmund

Skill      XL: |  1  2  3  4 |
---------------+-------------+-----
Armour         | 2 |  2.5
Axes           | 2 3 |  3.0
Dodging        | 1 |  1.3
Fighting       | 4 |  4.1
Invocations    | |  2.1

Action                   |  1- 3 |  4- 6 || total
-------------------------+-------+-------++-------
Melee: Hand axe          |   120 |    19 ||   139
Invok: Depart the Abyss  |     1 |       ||     1
  Use: Potion            |       |     1 ||     1
  Eat: Chunk             |     7 |     2 ||     9
Armor: Leather armour    |    39 |       ||    39
       Ring mail         |     2 |     8 ||    10
Dodge: Dodged            |    84 |    15 ||    99

Table legend:
 A = Non-vault XP
 B = Vault XP
 C = Vault XP percentage of total XP
 D = Non-vault monster count
 E = Vault monster count
 F = Vault count percentage of total count
                 A         B        C        D         E       F
            +---------+---------+-------+---------+---------+-------
      Total |     137 |       5 |   3.5 |      34 |       5 |  12.8
            +---------+---------+-------+---------+---------+-------
        D:1 |      37 |       5 |  11.9 |      22 |       5 |  18.5
        D:2 |     100 |       0 |   0.0 |      12 |       0 |   0.0
            +---------+---------+-------+---------+---------+-------
